 Dungeon Crawl Stone Soup version 0.28.0 (webtiles) character file.

Game seed: 9268033875983603052

67 mopl the Ducker (level 4, 0/41 HPs)
             Began as a Gnoll Monk on Feb 12, 2022.
             Was a Believer of Dithmenos.
             Slain by a gnoll (5 damage)
             ... on level 3 of the Dungeon.
             The game lasted 00:01:24 (1030 turns).

mopl the Ducker (Gnoll Monk)                        Turns: 1030, Time: 00:01:25

Health: 0/41       AC:  3    Str: 13    XL:     4   Next: 18%
Magic:  5/5        EV: 14    Int:  9    God:    Dithmenos [**....]
Gold:   51         SH:  0    Dex: 14    Spells: 5/5 levels left

rFire   . . .      SeeInvis .   m - +0 quarterstaff
rCold   . . .      Faith    .   (shield currently unavailable)
rNeg    . . .      Spirit   .   n - +0 leather armour
rPois   .          Reflect  .   (no helmet)
rElec   .          Harm     .   (no cloak)
rCorr   .          Rampage  .   (no gloves)
Will    .....                   (no boots)
Stlth   +++.......              (no amulet)
HPRegen 0.13/turn               (no ring)
MPRegen 0.09/turn               (no ring)

@: wreathed by umbra
A: fangs 1, strong nose, distributed training
a: Renounce Religion, Shadow Step


You were on level 3 of the Dungeon.
You worshipped Dithmenos.
Dithmenos was pleased with you.
You visited 1 branch of the dungeon, and saw 3 of its levels.

You collected 51 gold pieces.

Inventory:

Hand Weapons
 a - a +0 mace
 b - a +0 hunting sling
 j - a +0 dagger of holy wrath
 m - a +0 quarterstaff (weapon)
Missiles
 g - 40 stones (quivered)
 i - 15 arrows
 o - 4 silver javelins
Armour
 f - a +0 robe
 n - a +0 leather armour (worn)
 p - the +0 scale mail of Privacy {Contam Will+++ Regen+ Str+5}
   (You found it on level 2 of the Dungeon)

   Str:       It affects your strength (+5).
   Contam:    It causes magical contamination when unequipped.
   Regen:     It increases your rate of health regeneration.
   Will:      It greatly increases your willpower.
Scrolls
 d - a scroll of noise {unknown}
 k - a scroll of teleportation {unknown}
Potions
 c - a potion of might {unknown}
 e - a potion of heal wounds {unknown}
 h - 2 potions of flight {unknown}
 l - a potion of lignification {unknown}


   Skills:
 + Level 6.6 Fighting
 + Level 1.0 Short Blades
 + Level 1.0 Long Blades
 + Level 1.0 Axes
 + Level 6.6 Maces & Flails
 + Level 1.0 Polearms
 + Level 1.0 Staves
 + Level 1.0 Slings
 + Level 1.0 Bows
 + Level 1.0 Crossbows
 + Level 1.0 Throwing
 + Level 1.0 Armour
 + Level 6.6 Dodging
 + Level 4.2 Stealth
 + Level 1.0 Shields
 + Level 1.0 Unarmed Combat
 + Level 1.0 Spellcasting
 + Level 0.8 Conjurations
 + Level 0.8 Hexes
 + Level 0.8 Summonings
 + Level 0.8 Necromancy
 + Level 0.8 Translocations
 + Level 0.8 Transmutations
 + Level 0.8 Fire Magic
 + Level 0.8 Ice Magic
 + Level 0.8 Air Magic
 + Level 0.8 Earth Magic
 + Level 0.8 Poison Magic
 + Level 1.1 Invocations
 + Level 1.0 Evocations


You had 5 spell levels left.
You didn't know any spells.
Your spell library was empty.

Dungeon Overview and Level Annotations

Branches:
Dungeon (3/15)

Altars:
Dithmenos
Hepliaklqana

Annotations:
D:1 fly


Innate Abilities, Weirdness & Mutations

You have very sharp teeth.
Your uncanny sense of smell can sniff out nearby items.
Your experience applies equally to all skills.


Message History

Your Evocations skill increases to level 1!
You have reached level 4!
You feel stronger. The gnoll hits you with a +0 spear!
You hit the gnoll. You bite the gnoll, but do no damage.
The gnoll is moderately wounded.
The gnoll hits you with a +0 spear!
* * * LOW HITPOINT WARNING * * *
You barely miss the gnoll.
The gnoll is moderately wounded.
The gnoll closely misses you.
You closely miss the gnoll.
The gnoll is moderately wounded.
The gnoll hits you with a +0 spear.
* * * LOW HITPOINT WARNING * * *
You hit the gnoll.
The gnoll is heavily wounded.
The gnoll closely misses you. x2
You closely miss the gnoll.
The gnoll is heavily wounded.
The gnoll hits you with a +0 spear.
* * * LOW HITPOINT WARNING * * *
You hit the gnoll.
The gnoll is heavily wounded.
The gnoll closely misses you.
You closely miss the gnoll.
The gnoll is heavily wounded.
The gnoll barely misses you.
You hit the gnoll.
The gnoll is almost dead.
The gnoll hits you with a +0 spear.
* * * LOW HITPOINT WARNING * * *
You hit the gnoll.
You kill the gnoll!
Dithmenos accepts your kill. The gnoll completely misses you.
You hit the gnoll. Your bite misses the gnoll.
The gnoll is lightly wounded.
The gnoll hits you with a +0 club.
You die...

....# #.#. ..#.
.$. #<. #.# #.#
#.# #@# # #g#
.# ###g###.#
#.......#
#.......#
#.......#
#..<....#
..........?....
##..#.......###


You could see a gnoll and a hobgoblin.

Vanquished Creatures
  3 gnolls (D:3)
  An adder (D:2)
  5 ball pythons
  A bat (D:1)
  4 endoplasms (D:2)
  4 goblins
  A hobgoblin (D:1)
  2 jackals (D:1)
  5 kobolds
  2 frilled lizards (D:1)
  3 rats (D:1)
31 creatures vanquished.

Notes
Turn   | Place    | Note
-------+----------+-------------------------------------------
     0 | D:1      | mopl the Gnoll Monk began the quest for the Orb.
     0 | D:1      | Reached XP level 1. HP: 23/23 MP: 1/1
   146 | D:1      | Reached XP level 2. HP: 29/29 MP: 2/2
   468 | D:2      | Found a hazy altar of Hepliaklqana.
   551 | D:2      | Reached XP level 3. HP: 30/35 MP: 3/3
   677 | D:2      | Reached skill level 1 in Invocations
   807 | D:2      | Identified the +0 scale mail of Privacy {Contam Will+++
                  | Regen+ Str+5}
   919 | D:2      | Found a faded altar of an unknown god.
   926 | D:2      | Prayed at the altar of an unknown god.
   926 | D:2      | Became a worshipper of Dithmenos the Shadowed
   926 | D:2      | Reached * piety under Dithmenos
   926 | D:2      | Reached ** piety under Dithmenos
  1019 | D:3      | Reached skill level 1 in Short Blades
  1019 | D:3      | Reached skill level 1 in Long Blades
  1019 | D:3      | Reached skill level 1 in Axes
  1019 | D:3      | Reached skill level 1 in Polearms
  1019 | D:3      | Reached skill level 1 in Staves
  1019 | D:3      | Reached skill level 1 in Slings
  1019 | D:3      | Reached skill level 1 in Bows
  1019 | D:3      | Reached skill level 1 in Crossbows
  1019 | D:3      | Reached skill level 1 in Throwing
  1019 | D:3      | Reached skill level 1 in Armour
  1019 | D:3      | Reached skill level 1 in Shields
  1019 | D:3      | Reached skill level 1 in Unarmed Combat
  1019 | D:3      | Reached skill level 1 in Spellcasting
  1019 | D:3      | Reached skill level 1 in Evocations
  1019 | D:3      | Reached XP level 4. HP: 25/41 MP: 5/5
  1030 | D:3      | Slain by a gnoll

Illustrated notes

Levels and vault maps discovered:
D:1:      pf_arrival_petrified_forest, layout_rooms, minmay_misc_feat_enclosed,
          corexii_item_surrounded_by_moat
D:2:      layout_rooms, basic_ecumenical_altar, basic_altar
D:3:      layout_loops_ring, gammafunk_ghost_cemetery, cheibrodos_gnoll_hut,
          uniq_sigmund

Skill      XL: |  1  2  3 |
---------------+----------+-----
Invocations    | 1 |  1.1
Short Blades   | 1 |  1.0
Long Blades    | 1 |  1.0
Axes           | 1 |  1.0
Polearms       | 1 |  1.0
Staves         | 1 |  1.0
Slings         | 1 |  1.0
Bows           | 1 |  1.0
Crossbows      | 1 |  1.0
Throwing       | 1 |  1.0
Armour         | 1 |  1.0
Shields        | 1 |  1.0
Unarmed Combat | 1 |  1.0
Spellcasting   | 1 |  1.0
Evocations     | 1 |  1.0
Fighting       | |  6.6
Maces & Flails | |  6.6
Dodging        | |  6.6
Stealth        | |  4.2
Conjurations   | |  0.8
Hexes          | |  0.8
Summonings     | |  0.8
Necromancy     | |  0.8
Translocations | |  0.8
Transmutations | |  0.8
Fire Magic     | |  0.8
Ice Magic      | |  0.8
Air Magic      | |  0.8
Earth Magic    | |  0.8
Poison Magic   | |  0.8

Action                   |  1- 3 |  4- 6 || total
-------------------------+-------+-------++-------
Melee: Mace              |    62 |       ||    62
       Bite              |     5 |     1 ||     6
       Punch             |     2 |       ||     2
       Quarterstaff      |     9 |    10 ||    19
 Stab: Sleeping          |     3 |       ||     3
Armor: Robe              |    10 |       ||    10
       Leather armour    |     1 |       ||     1
Dodge: Dodged            |    54 |     6 ||    60
